[Event "Titled Tuesday Blitz November 14 Early 2023"]
[White "Lehtosaari, Mauri"]
[Black "Zivic, Dragan"]
[WhiteFideId "501999"]
[BlackFideId "904740"]
[WhiteElo "2513"]
[BlackElo "2340"]
[Result "1-0"]
[Round "8"]
[TimeControl "180+1"]
[Date "2023.11.14"]
[WhiteClock "0:01:25"]
[BlackClock "0:00:57"]
[Board "118"]

1. d4 Nf6 2. Nf3 e6 3. Bg5 d5 4. Nbd2 c5 5. e3 Nc6 6. c3 Bd6 7. Bd3 h6 8. Bh4 O-O 9. Bg3 Re8 10. Ne5 Qc7 11. f4 b6 12. O-O Bb7 13. Bh4 Nd7 14. Qh5 Ndxe5 15. fxe5 Bf8 16. Rxf7 Qxf7 17. Bh7+ Kxh7 18. Qxf7 Be7 19. Bf6 1-0


[Site "https://www.chess.com"]

[Event "Titled Tuesday Blitz November 14 Early 2023"]
[White "VOneChess"]
[Black "Rietze, Clemens, Dr."]
[BlackFideId "24620351"]
[WhiteElo "2342"]
[BlackElo "2512"]
[Result "1-0"]
[Round "8"]
[TimeControl "180+1"]
[Date "2023.11.14"]
[WhiteClock "0:00:10"]
[BlackClock "0:00:27"]
[Board "119"]

1. e4 c5 2. Nf3 Nc6 3. d4 cxd4 4. Nxd4 Nf6 5. Nc3 d6 6. Bg5 e6 7. Qd2 a6 8. O-O-O Bd7 9. f4 Be7 10. Nf3 b5 11. e5 b4 12. exd6 bxc3 13. Qxc3 Bf8 14. f5 Ne4 15. Qe3 Nxg5 16. Nxg5 Qf6 17. fxe6 fxe6 18. Bc4 Qe5 19. Qd2 Bxd6 20. Rhe1 Qf4 21. Nxe6 Qxd2+ 22. Rxd2 Be5 23. Nc7+ Kd8 24. Nxa8 Bf4 25. Rd1 Ke7 26. Nb6 Bxd2+ 27. Rxd2 Be6 28. Re2 Nd4 29. Re4 Rd8 30. Nd5+ Kf8 31. Rxd4 g6 32. Rf4+ Kg7 33. Ne3 Bc8 34. Rf7+ Kh6 35. b3 Re8 36. Kd2 a5 37. Kc3 Rxe3+ 38. Kd4 Re8 39. Rc7 Bf5 40. Kc3 Re1 41. Rc5 Rc1 42. Bd3 Bxd3 43. Kxd3 a4 44. bxa4 Ra1 45. a5 Rxa2 46. Kd4 Ra4+ 47. Kd5 Kg7 48. Kc6 Kf6 49. Kb5 Ra2 50. a6 g5 51. Kb6 Rb2+ 52. Kc7 Ra2 53. Kb7 Rb2+ 54. Ka8 Ke7 55. a7 Kd6 56. Rc8 Kd7 57. Rb8 Ra2 58. Rb7+ Kc6 59. Kb8 Rxc2 60. a8=Q Kd6 61. Rb6+ Ke7 62. Qb7+ Kf8 63. Rc6 Re2 64. Rc8+ Re8 65. Qb4+ Kf7 66. Qc4+ Ke7 67. Qe4+ Kd7 68. Qxe8+ Kd6 69. Rc6+ Kd5 70. Qe6+ Kd4 71. Rc4+ Kd3 72. Qe4+ Kd2 73. Rc2+ Kd1 74. Qe2# 1-0


[Site "https://www.chess.com"]

[Event "Titled Tuesday Blitz November 14 Early 2023"]
[White "Erzhanov, Arman"]
[Black "Lopez Del Alamo, Antonio"]
[WhiteFideId "4138821"]
[BlackFideId "2227339"]
[WhiteElo "2504"]
[BlackElo "2339"]
[Result "1-0"]
[Round "8"]
[TimeControl "180+1"]
[Date "2023.11.14"]
[WhiteClock "0:00:45"]
[BlackClock "0:00:08"]
[Board "120"]

1. e4 c5 2. Nf3 e6 3. b3 Nc6 4. Bb5 Nge7 5. Bb2 a6 6. Bxc6 Nxc6 7. O-O d6 8. d4 cxd4 9. Nxd4 Qf6 10. c4 Bd7 11. Qd2 Qg6 12. Nc3 Be7 13. Nf3 Rd8 14. Rad1 O-O 15. Rfe1 Ne5 16. Nd4 b5 17. f4 Nc6 18. cxb5 Nxd4 19. Qxd4 axb5 20. f5 Qg5 21. Re3 Bf6 22. Qd3 Be5 23. Rf1 Bc6 24. Nd1 Qh4 25. g3 Qh5 26. Qc2 Bxb2 27. Qxb2 exf5 28. Rxf5 Qxd1+ 29. Rf1 Qg4 30. Rf4 Qg5 31. Qc3 Qc5 32. Qd2 Rfe8 33. Kg2 f5 34. Rc3 Qb6 35. Qc1 Bxe4+ 36. Kh3 Qf2 37. Rxf2 1-0


[Site "https://www.chess.com"]

[Event "Titled Tuesday Blitz November 14 Early 2023"]
[White "Sreyas Payyappat"]
[Black "Bobomurodova, Maftuna"]
[WhiteFideId "46674969"]
[BlackFideId "14207400"]
[WhiteElo "2498"]
[BlackElo "2335"]
[Result "1-0"]
[Round "8"]
[TimeControl "180+1"]
[Date "2023.11.14"]
[WhiteClock "0:00:14"]
[BlackClock "0:00:28"]
[Board "121"]

1. e4 e5 2. Nf3 Nc6 3. Bc4 Bc5 4. c3 Nf6 5. d4 exd4 6. e5 d5 7. Bb5 Ne4 8. cxd4 Bb6 9. Nc3 Nxc3 10. bxc3 O-O 11. Be3 Ne7 12. O-O Nf5 13. Bd3 h6 14. Qc2 Nh4 15. Nxh4 Qxh4 16. f4 f5 17. Rf3 Be6 18. Rh3 Qe7 19. Kh1 c5 20. Rg1 cxd4 21. cxd4 Rac8 22. Qb1 Qa3 23. g4 fxg4 24. Rhg3 h5 25. h3 Qe7 26. f5 Bd7 27. hxg4 Qh4+ 28. Kg2 hxg4 29. f6 Qh5 30. Rh1 Qe8 31. Bh7+ Kf7 32. Bg6+ Ke6 33. Qf5# 1-0


[Site "https://www.chess.com"]

[Event "Titled Tuesday Blitz November 14 Early 2023"]
[White "Dudzinski, Pawel"]
[Black "Kraus, Tomas"]
[WhiteFideId "1117890"]
[BlackFideId "331708"]
[WhiteElo "2497"]
[BlackElo "2333"]
[Result "1-0"]
[Round "8"]
[TimeControl "180+1"]
[Date "2023.11.14"]
[WhiteClock "0:00:24"]
[BlackClock "0:00:00"]
[Board "122"]

1. e4 e6 2. d4 d5 3. Nd2 Nf6 4. Bd3 c5 5. exd5 exd5 6. Ngf3 Nc6 7. O-O cxd4 8. Re1+ Be7 9. Nb3 O-O 10. Nfxd4 Bg4 11. Be2 Bxe2 12. Rxe2 Re8 13. Bg5 Rc8 14. Nf5 Ne4 15. Nxe7+ Nxe7 16. Bxe7 Rxe7 17. f3 Nf6 18. c3 Qb6+ 19. Nd4 Rce8 20. Rxe7 Rxe7 21. Qd2 h6 22. Kf2 Ne8 23. Re1 Rxe1 24. Kxe1 Nd6 25. b3 Nb5 26. Ne2 Qc5 27. a4 Nc7 28. Qd4 b6 29. Kd2 Ne6 30. Qxc5 bxc5 31. f4 Kf8 32. f5 Nc7 33. Ke3 Ke7 34. Kf4 a5 35. g4 f6 36. Ke3 Na8 37. Nf4 Nb6 38. Nh5 Kf7 39. Kd2 Nd7 40. Nf4 Nb6 41. Kd3 c4+ 42. Kc2 Ke7 43. Ne6 Kf7 44. Nd8+ Ke8 45. Nb7 cxb3+ 46. Kxb3 Nc4 47. Nc5 h5 48. gxh5 Ne3 49. Nb7 Nxf5 50. Nxa5 Nd6 51. Nc6 f5 52. a5 f4 53. Nd4 1-0


[Site "https://www.chess.com"]

[Event "Titled Tuesday Blitz November 14 Early 2023"]
[White "rikchessmx"]
[Black "Zoete, Roelant"]
[BlackFideId "40103269"]
[WhiteElo "2332"]
[BlackElo "2481"]
[Result "0-1"]
[Round "8"]
[TimeControl "180+1"]
[Date "2023.11.14"]
[WhiteClock "0:01:01"]
[BlackClock "0:00:59"]
[Board "123"]

1. e4 c5 2. Nf3 e6 3. d4 cxd4 4. Nxd4 Nf6 5. Nc3 Nc6 6. Nxc6 bxc6 7. Bd3 d5 8. O-O Bd6 9. Qe2 Qc7 10. f4 Bc5+ 11. Kh1 h5 12. e5 Ng4 13. Na4 Be7 14. h3 Nh6 15. Qxh5 c5 16. Bb5+ Kf8 17. b3 Kg8 18. Qf3 c4 19. Bxc4 Bb7 20. Bd3 Rc8 21. Bd2 d4 22. Qg3 Nf5 23. Bxf5 exf5 24. Rac1 Be4 25. c3 Bh4 26. cxd4 Qxc1 27. Bxc1 Bxg3 28. Kg1 Rc2 0-1


[Site "https://www.chess.com"]

[Event "Titled Tuesday Blitz November 14 Early 2023"]
[White "Yurasova, Daria"]
[Black "Ruge, Edison"]
[WhiteFideId "34146919"]
[BlackFideId "4401000"]
[WhiteElo "2478"]
[BlackElo "2328"]
[Result "0-1"]
[Round "8"]
[TimeControl "180+1"]
[Date "2023.11.14"]
[WhiteClock "0:00:12"]
[BlackClock "0:00:24"]
[Board "124"]

1. d4 d5 2. Nf3 e6 3. Bf4 f5 4. e3 c6 5. Nbd2 Nf6 6. h3 Be7 7. Bd3 O-O 8. Ne5 Bd7 9. Ndf3 Be8 10. c4 Ne4 11. O-O Nd7 12. Nxd7 Bxd7 13. Ne5 Be8 14. cxd5 exd5 15. Bxe4 fxe4 16. a3 Bg5 17. Bg3 Rc8 18. b4 Qe7 19. Qb3 Kh8 20. a4 Bh5 21. Rac1 a6 22. b5 axb5 23. axb5 Be2 24. bxc6 Bxf1 25. Kxf1 bxc6 26. Rxc6 Rxc6 27. Nxc6 Qd7 28. Ne5 Qe6 29. Kg1 h6 30. Qb7 Kh7 31. Ng4 h5 32. Ne5 h4 33. Bh2 Rc8 34. Bf4 Rc1+ 35. Kh2 Bxf4+ 36. exf4 Rc2 37. Nf7 Kg6 38. Ne5+ Kh7 39. Nf7 Qf6 40. Ng5+ Kg6 41. g3 Rxf2+ 42. Kg1 hxg3 43. Qd7 Rxf4 44. Ne6 Rf1+ 45. Kg2 Qf2# 0-1


[Site "https://www.chess.com"]

[Event "Titled Tuesday Blitz November 14 Early 2023"]
[White "Shishkov, Andrei"]
[Black "Maect19"]
[WhiteFideId "4500563"]
[WhiteElo "2477"]
[BlackElo "2325"]
[Result "0-1"]
[Round "8"]
[TimeControl "180+1"]
[Date "2023.11.14"]
[WhiteClock "0:00:12"]
[BlackClock "0:00:17"]
[Board "125"]

1. d4 d5 2. c4 c6 3. e3 Nf6 4. Nc3 e6 5. b3 Bb4 6. Bb2 Ne4 7. Ne2 Qa5 8. Qc2 O-O 9. f3 Nxc3 10. Nxc3 Nd7 11. a3 Bd6 12. Bd3 h6 13. O-O dxc4 14. bxc4 e5 15. Ne4 Bb8 16. f4 f5 17. fxe5 fxe4 18. Bxe4 Qb6 19. e6 Nf6 20. e7 Re8 21. Rxf6 gxf6 22. Bh7+ Kh8 23. Qg6 Bd7 24. Qxh6 Rxe7 25. Qf8+ Kxh7 26. Qxe7+ Kg8 27. Bc3 Qc7 28. g3 Qd6 29. Qd8+ Kf7 30. Bb4 Qe6 31. Qf8+ Kg6 32. Kf2 Bxg3+ 33. hxg3 Rxf8 34. Bxf8 Qf5+ 35. Ke2 Qc2+ 0-1


[Site "https://www.chess.com"]

[Event "Titled Tuesday Blitz November 14 Early 2023"]
[White "Osmonbekov, Talaibek"]
[Black "UNSTOPPABLE_LEGEND"]
[WhiteFideId "2017253"]
[WhiteElo "2325"]
[BlackElo "2460"]
[Result "0-1"]
[Round "8"]
[TimeControl "180+1"]
[Date "2023.11.14"]
[WhiteClock "0:00:00"]
[BlackClock "0:00:12"]
[Board "126"]

1. d4 Nf6 2. Nc3 d5 3. Bf4 g6 4. e3 Bg7 5. Nf3 O-O 6. Ne5 c5 7. h4 h5 8. f3 Nc6 9. Qd2 cxd4 10. exd4 Bf5 11. Nxc6 bxc6 12. Na4 Nd7 13. O-O-O e5 14. Bg5 Qc7 15. Bh6 Rab8 16. Bxg7 Kxg7 17. g4 hxg4 18. fxg4 Bxg4 19. Be2 Bxe2 20. Qxe2 e4 21. h5 Rh8 22. Rdg1 Qf4+ 23. Kb1 Rb4 24. Nc3 Rxd4 25. Rg4 Qf5 26. Rgg1 Qf3 27. Qh2 e3 28. h6+ Kh7 29. Qd6 Qf5 30. Ne2 Rd2 0-1


[Site "https://www.chess.com"]

[Event "Titled Tuesday Blitz November 14 Early 2023"]
[White "SicilianPanzer"]
[Black "Ramla2020"]
[WhiteElo "2324"]
[BlackElo "2454"]
[Result "0-1"]
[Round "8"]
[TimeControl "180+1"]
[Date "2023.11.14"]
[WhiteClock "0:00:00"]
[BlackClock "0:01:17"]
[Board "127"]

1. e4 e5 2. Nf3 d6 3. d4 Nd7 4. Bc4 c6 5. a4 Be7 6. h3 Ngf6 7. Nc3 O-O 8. Be3 Nxe4 9. Nxe4 d5 10. Bd3 dxe4 11. Bxe4 Nf6 12. Qd3 exd4 13. Bxd4 Nxe4 14. Qxe4 Bb4+ 15. Kf1 Re8 16. Qf4 Bd6 17. Be5 Bxe5 18. Nxe5 Be6 19. Kg1 Qb6 20. Kh2 Rad8 21. a5 Qc5 22. c3 Rd5 23. Nf3 Red8 24. Rhe1 h6 25. Re4 Qxf2 26. Rae1 Rf5 27. Qc7 Re8 28. Nd4 Rg5 29. Rg4 Rxg4 30. hxg4 Qh4+ 0-1


[Site "https://www.chess.com"]

[Event "Titled Tuesday Blitz November 14 Early 2023"]
[White "Mazurkiewicz, Michal"]
[Black "Rasmussen, Casper"]
[WhiteFideId "1124943"]
[BlackFideId "1402005"]
[WhiteElo "2449"]
[BlackElo "2294"]
[Result "0-1"]
[Round "8"]
[TimeControl "180+1"]
[Date "2023.11.14"]
[WhiteClock "0:00:05"]
[BlackClock "0:00:25"]
[Board "128"]

1. e4 c5 2. Nf3 e6 3. d3 d5 4. Nbd2 dxe4 5. dxe4 Nc6 6. Bb5 Bd7 7. O-O a6 8. Bxc6 Bxc6 9. Ne5 Qc7 10. Ndc4 Rd8 11. Qf3 b5 12. Nxc6 Qxc6 13. Ne5 Qb7 14. Bg5 f6 15. Qh5+ g6 16. Qf3 fxg5 17. Rad1 Bd6 18. Ng4 Qf7 19. Qa3 Qb7 20. Qf3 Qe7 21. e5 Bc7 22. Qc6+ Kf8 23. Rxd8+ Bxd8 24. Rd1 h5 25. Rd7 hxg4 26. Rxe7 Nxe7 27. Qxe6 Rh7 28. Qxg4 Nf5 29. Qd1 Ke8 30. c3 Rd7 31. Qb3 c4 32. Qc2 Be7 33. g3 Ng7 34. Qxg6+ Kf8 35. Qf5+ Nxf5 0-1


[Site "https://www.chess.com"]

[Event "Titled Tuesday Blitz November 14 Early 2023"]
[White "Joie, Sebastien"]
[Black "Rodriguez Santiago, Jaime"]
[WhiteFideId "650420"]
[BlackFideId "3100898"]
[WhiteElo "2446"]
[BlackElo "2277"]
[Result "1-0"]
[Round "8"]
[TimeControl "180+1"]
[Date "2023.11.14"]
[WhiteClock "0:00:14"]
[BlackClock "0:00:03"]
[Board "129"]

1. d4 Nf6 2. c4 e6 3. Nc3 Bb4 4. Qc2 O-O 5. e4 d5 6. e5 Ne4 7. Bd3 c5 8. Nf3 Nc6 9. O-O cxd4 10. Nxe4 dxe4 11. Bxe4 h6 12. Rd1 a5 13. Bf4 Bc5 14. a3 a4 15. Qd3 Ra6 16. g4 Rb6 17. Qc2 Rb3 18. g5 Rxf3 19. Bxf3 hxg5 20. Bg3 d3 21. Rxd3 Nd4 22. Qxa4 g4 23. Bxg4 Bd7 24. Qd1 Bc6 25. b4 Ba7 26. c5 Qg5 27. Rxd4 f5 28. exf6 e5 29. Be6+ Kh8 30. Rh4+ 1-0


[Site "https://www.chess.com"]

[Event "Titled Tuesday Blitz November 14 Early 2023"]
[White "Witty_Alien"]
[Black "lagunanivaria"]
[WhiteElo "2274"]
[BlackElo "2445"]
[Result "1-0"]
[Round "8"]
[TimeControl "180+1"]
[Date "2023.11.14"]
[WhiteClock "0:00:06"]
[BlackClock "0:00:07"]
[Board "130"]

1. e4 c6 2. d4 d5 3. Nd2 dxe4 4. Nxe4 Bf5 5. Ng3 Bg6 6. h4 h6 7. Nh3 Nf6 8. Nf4 Bh7 9. Bc4 e6 10. O-O Bd6 11. Re1 O-O 12. Ngh5 Nbd7 13. Nxe6 fxe6 14. Rxe6 Nd5 15. Qg4 Rf7 16. Rxd6 Kh8 17. Bd2 Qe7 18. Re6 Qf8 19. Qg3 Bxc2 20. Rae1 Bf5 21. R6e2 N7b6 22. Bd3 Bxd3 23. Qxd3 Re7 24. Rxe7 Nxe7 25. Nf4 Ned5 26. Ng6+ Kg8 27. Nxf8 Rxf8 28. Qg3 Nd7 29. Bxh6 Rf7 30. Re8+ Kh7 31. Qg5 N7f6 32. Bxg7 Rxg7 33. Qf5+ Kh6 34. Rh8+ Nh7 35. Rxh7+ Rxh7 36. Qg5# 1-0


[Site "https://www.chess.com"]

[Event "Titled Tuesday Blitz November 14 Early 2023"]
[White "LiadCuba"]
[Black "Quirke, Jeffrey"]
[BlackFideId "2013029"]
[WhiteElo "2441"]
[BlackElo "2269"]
[Result "0-1"]
[Round "8"]
[TimeControl "180+1"]
[Date "2023.11.14"]
[WhiteClock "0:00:29"]
[BlackClock "0:00:28"]
[Board "131"]

1. d4 Nf6 2. c4 g6 3. Nc3 d5 4. cxd5 Nxd5 5. Bd2 Bg7 6. e4 Nxc3 7. Bxc3 c5 8. d5 O-O 9. Ne2 Qd6 10. Bxg7 Kxg7 11. Nc3 a6 12. a4 e6 13. Bc4 e5 14. O-O Nd7 15. a5 Nf6 16. Qe2 Bd7 17. f4 Rae8 18. f5 Rc8 19. Qe3 Ne8 20. Rf3 f6 21. fxg6 hxg6 22. Raf1 Qe7 23. d6 Nxd6 24. Nd5 Nxc4 25. Nxe7 Nxe3 26. Nxc8 Nxf1 27. Nb6 Bb5 28. Rxf1 Bxf1 29. Kxf1 Rd8 30. Nd5 Kf7 31. Ke2 Ke6 32. Nc7+ Ke7 33. Nd5+ Rxd5 34. exd5 Kd6 35. h4 Kxd5 36. g4 f5 37. h5 gxh5 38. gxh5 Ke6 39. Kf3 Kf6 40. Kg3 Kg5 41. b4 cxb4 0-1


[Site "https://www.chess.com"]

[Event "Titled Tuesday Blitz November 14 Early 2023"]
[White "Samarth J Rao"]
[Black "Davidson, Kevin"]
[WhiteFideId "46652370"]
[BlackFideId "2056810"]
[WhiteElo "2072"]
[BlackElo "2436"]
[Result "1-0"]
[Round "8"]
[TimeControl "180+1"]
[Date "2023.11.14"]
[WhiteClock "0:00:59"]
[BlackClock "0:00:00"]
[Board "133"]

1. Nf3 Nf6 2. c4 g6 3. b3 Bg7 4. Bb2 d6 5. e3 O-O 6. d4 e5 7. dxe5 Ng4 8. Be2 Nc6 9. O-O dxe5 10. Nc3 Bf5 11. h3 Nf6 12. Qxd8 Raxd8 13. Rad1 e4 14. Nd4 Nxd4 15. exd4 h5 16. a4 c6 17. b4 Rfe8 18. a5 a6 19. Na4 e3 20. Nc5 exf2+ 21. Kxf2 Ne4+ 22. Nxe4 Bxe4 23. Bf3 f5 24. Rfe1 Bxf3 25. Rxe8+ Rxe8 26. Kxf3 Kf7 27. Rd3 Re1 28. Bc3 Rc1 29. g4 fxg4+ 30. hxg4 h4 31. g5 Rg1 32. Kf4 Rf1+ 33. Kg4 Rg1+ 34. Kxh4 Bf8 35. d5 cxd5 36. cxd5 Bd6 37. Rf3+ Ke7 38. Bf6+ Kd7 39. Kh3 Rd1 40. Bc3 Rxd5 41. Rf7+ Kc6 42. Bf6 Be5 43. Bxe5 Rxe5 44. Rf6+ Kb5 45. Rb6+ Ka4 46. Kg4 Rb5 47. Rxg6 Rxb4+ 48. Kh5 Kxa5 49. Rg7 b5 50. Ra7 Rb1 51. g6 Rh1+ 52. Kg4 Rg1+ 53. Kf5 b4 54. g7 Kb6 55. Re7 a5 56. Kf6 Kb5 57. Re6 a4 58. Re5+ Kc4 59. Rg5 Rf1+ 60. Ke7 Re1+ 61. Kd7 Rd1+ 62. Kc7 1-0


[Site "https://www.chess.com"]

[Event "Titled Tuesday Blitz November 14 Early 2023"]
[White "Khater, Sherif"]
[Black "Jarocka, Liwia"]
[WhiteFideId "2034280"]
[BlackFideId "21807558"]
[WhiteElo "2615"]
[BlackElo "2364"]
[Result "1-0"]
[Round "8"]
[TimeControl "180+1"]
[Date "2023.11.14"]
[WhiteClock "0:00:11"]
[BlackClock "0:00:12"]
[Board "134"]

1. d4 d6 2. e4 g6 3. Nc3 Bg7 4. Nf3 Nf6 5. Be3 O-O 6. h3 Nbd7 7. Qd2 e5 8. dxe5 Nxe5 9. Nxe5 dxe5 10. O-O-O Qxd2+ 11. Rxd2 Be6 12. f3 c6 13. Be2 Nd7 14. Rhd1 Nb6 15. g4 Bf6 16. g5 Be7 17. h4 Rfd8 18. f4 exf4 19. Bxf4 Rxd2 20. Rxd2 Rd8 21. Bd3 Rd7 22. Rf2 Bc5 23. Rf1 Nc4 24. e5 Ne3 25. Rf3 Nd5 26. Ne4 Be7 27. Bg3 Nb4 28. a3 Nxd3+ 29. cxd3 Bf5 30. Kc2 Bxe4 31. dxe4 Bc5 32. Rd3 Rxd3 33. Kxd3 Kf8 34. Kc4 Bb6 35. a4 Ke7 36. b4 a6 37. a5 Bc7 38. Kd4 Ke6 39. Bf4 Bd8 40. Kc5 Be7+ 41. Kc4 Bf8 42. Bg3 Kd7 43. Bf4 Be7 44. Bg3 Bd8 45. Bf4 b6 46. Bd2 Ke6 47. Bc3 Bc7 48. axb6 Bxb6 49. Bd4 Bd8 50. Kc5 Be7+ 51. Kc4 Kd7 52. Bc5 Bd8 53. Bd6 Bb6 54. Bc5 Bc7 55. Bd4 Bb8 56. Kc5 Ba7+ 57. Kc4 Bb8 58. Kc5 Bc7 59. Kc4 a5 60. bxa5 Bxa5 61. Kd3 Bc7 62. Ke3 Ke6 63. Kf4 Bb8 64. Bc3 c5 65. Bb2 c4 66. Bc3 Ba7 67. Kg4 Be3 68. Kf3 Bb6 69. Kf4 Bc7 70. Bd4 Bd8 71. Bc3 Be7 72. Ke3 Bc5+ 73. Kf4 Kd7 74. Kg4 Kc6 75. Kf4 Kb5 76. e6 fxe6 77. Ke5 Bb4 78. Bd4 Be1 79. Kxe6 Bxh4 80. Kf6 h6 81. Kxg6 Bxg5 82. e5 Kc6 83. e6 Kd6 84. Kf7 Kd5 85. Bf6 c3 86. e7 c2 87. e8=Q c1=Q 88. Qe6+ Kc5 89. Qc8+ Kb4 90. Qxc1 Bxf6 91. Qb1+ 1-0


[Site "https://www.chess.com"]

[Event "Titled Tuesday Blitz November 14 Early 2023"]
[White "Sharafiev, Azat"]
[Black "Kleiman, Jake"]
[WhiteFideId "4186214"]
[BlackFideId "2020041"]
[WhiteElo "2358"]
[BlackElo "2609"]
[Result "1-0"]
[Round "8"]
[TimeControl "180+1"]
[Date "2023.11.14"]
[WhiteClock "0:01:28"]
[BlackClock "0:00:17"]
[Board "135"]

1. e4 d6 2. d4 Nf6 3. Nc3 Nbd7 4. f4 e5 5. dxe5 dxe5 6. f5 Bc5 7. Nf3 c6 8. Bg5 Qb6 9. Na4 Qb4+ 10. c3 Qxe4+ 11. Be2 Be3 12. Bd3 Qg4 13. Bxe3 e4 14. Bc2 Qxg2 15. Rg1 Qxf3 16. Qxf3 exf3 17. Rxg7 Ne5 18. Bd4 Nfd7 19. O-O-O Kf8 20. Rg3 b6 21. c4 c5 22. Bxe5 Nxe5 23. Be4 Rb8 24. Rd8+ Ke7 25. Rxh8 Nxc4 26. Bxf3 Nd6 27. Nc3 Bxf5 28. Rxb8 1-0


[Site "https://www.chess.com"]

[Event "Titled Tuesday Blitz November 14 Early 2023"]
[White "KatakuriDono"]
[Black "Larino Nieto, David"]
[BlackFideId "2256444"]
[WhiteElo "2348"]
[BlackElo "2590"]
[Result "0-1"]
[Round "8"]
[TimeControl "180+1"]
[Date "2023.11.14"]
[WhiteClock "0:00:16"]
[BlackClock "0:00:40"]
[Board "136"]

1. d4 h6 2. c4 a6 3. Nc3 e6 4. e4 d6 5. Nge2 Bd7 6. Ng3 c6 7. Bd3 g6 8. O-O Bg7 9. Be3 h5 10. f4 h4 11. Nge2 h3 12. g3 Nh6 13. e5 Ng4 14. Bd2 c5 15. Ne4 Bc6 16. Nxd6+ Kf8 17. dxc5 Nd7 18. Nd4 Nxc5 19. Bc2 Qxd6 20. Bc3 Nxe5 21. fxe5 Qxe5 22. Bxg6 Qe3+ 23. Rf2 Rd8 24. Qe1 Bxd4 25. Bxd4 Qxd4 26. Qb4 Kg7 27. Bc2 Rh6 28. Rf1 Rf6 29. Qc3 Qxc3 30. bxc3 Rxf2 31. Rxf2 Be4 0-1


[Site "https://www.chess.com"]

[Event "Titled Tuesday Blitz November 14 Early 2023"]
[White "Kochiev, Ivan"]
[Black "Lebedev, Artem S."]
[WhiteFideId "2917890"]
[BlackFideId "34272747"]
[WhiteElo "2526"]
[BlackElo "2337"]
[Result "1/2-1/2"]
[Round "8"]
[TimeControl "180+1"]
[Date "2023.11.14"]
[WhiteClock "0:00:12"]
[BlackClock "0:00:05"]
[Board "137"]

1. e4 e5 2. Nf3 Nc6 3. d4 exd4 4. Bc4 Nf6 5. O-O Nxe4 6. Nc3 Nxc3 7. bxc3 d5 8. Bb5 dxc3 9. Nd4 Qd6 10. a4 Be7 11. Ba3 Qf6 12. Bxe7 Kxe7 13. Re1+ Kf8 14. Bxc6 bxc6 15. Re3 Bd7 16. Rf3 Qd6 17. Qd3 h5 18. Qxc3 Rh6 19. Nb3 Re8 20. Rg3 Rg6 21. Nc5 Bf5 22. Rb1 d4 23. Qc4 Be6 24. Qb4 Rxg3 25. hxg3 Kg8 26. Rd1 Rd8 27. c3 Qe5 28. cxd4 Qd5 29. Qc3 Rb8 30. Nd3 Rb3 31. Qc2 Qc4 32. Qxc4 Bxc4 33. Ne5 Bd5 34. Rc1 Ra3 35. Nxc6 Bxc6 36. Rxc6 Rxa4 37. Rxc7 Rxd4 38. Rxa7 g6 39. Ra8+ Kg7 40. f3 Rc4 41. Ra5 Rc3 42. Kh2 Rb3 43. Kh3 Rc3 44. g4 hxg4+ 45. Kxg4 Rc4+ 46. Kg3 Rb4 47. Rc5 1/2-1/2


[Site "https://www.chess.com"]

[Event "Titled Tuesday Blitz November 14 Early 2023"]
[White "Bogaudinov, Rushan"]
[Black "HeroRubiksCube"]
[WhiteFideId "4129288"]
[WhiteElo "2336"]
[BlackElo "2504"]
[Result "1-0"]
[Round "8"]
[TimeControl "180+1"]
[Date "2023.11.14"]
[WhiteClock "0:00:48"]
[BlackClock "0:00:53"]
[Board "138"]

1. a3 e5 2. e3 d5 3. d4 Nc6 4. c4 dxc4 5. d5 Nce7 6. Bxc4 Nf6 7. Nc3 g6 8. e4 Bg7 9. Nge2 O-O 10. O-O a6 11. a4 b6 12. Bg5 h6 13. Bh4 Kh7 14. Rc1 Bb7 15. f3 Nc8 16. b4 Nd6 17. Bb3 g5 18. Bf2 Nh5 19. Ng3 Nf4 20. Qc2 Qd7 21. Nce2 Rac8 22. Nxf4 gxf4 23. Ne2 Bf6 24. Kh1 Rg8 25. Nxf4 exf4 26. e5+ Qf5 27. exd6 Qxc2 28. Bxc2+ Kg7 29. d7 Rcd8 30. Bf5 Be5 31. Rfe1 Kf6 32. Bh3 Bxd5 33. Bh4+ Rg5 34. Bxg5+ hxg5 35. a5 bxa5 36. bxa5 c6 37. Rb1 Be6 38. Bxe6 Kxe6 39. Rb7 f6 40. Rd1 Bd6 41. Rb6 Kxd7 42. Rxa6 Kc7 43. Ra7+ Kb8 44. Rf7 1-0


[Site "https://www.chess.com"]

[Event "Titled Tuesday Blitz November 14 Early 2023"]
[White "Spichkin, Alexander"]
[Black "ploxoi"]
[WhiteFideId "4144074"]
[WhiteElo "2309"]
[BlackElo "2453"]
[Result "0-1"]
[Round "8"]
[TimeControl "180+1"]
[Date "2023.11.14"]
[WhiteClock "0:00:23"]
[BlackClock "0:01:40"]
[Board "139"]

1. f4 d5 2. Nf3 c5 3. e3 a6 4. b3 Nc6 5. Bb2 Nf6 6. Bd3 Bg4 7. h3 Bxf3 8. Qxf3 e6 9. O-O Bd6 10. a3 e5 11. e4 d4 12. f5 b5 13. a4 Nb4 14. axb5 axb5 15. Bxb5+ Ke7 16. Na3 h5 17. c3 Na6 18. Nc4 Nc7 19. Bc6 Rxa1 20. Rxa1 Qb8 21. Na5 Qb6 22. cxd4 cxd4 23. Qd3 Rb8 24. Ba4 Qxa5 25. Qc4 Qb4 26. Qc6 d3 27. Rc1 Qb6+ 28. Kf1 Qxc6 29. Rxc6 Nxe4 30. Ke1 Nd5 31. Ra6 Nc5 32. Ra7+ Kf6 33. Bc6 Nb4 34. Bf3 g6 35. fxg6 fxg6 36. g4 hxg4 37. Bxg4 Nc2+ 38. Kf2 Ne4+ 39. Kg2 Nxd2 40. Ra6 Rd8 41. Ba3 Nxa3 42. b4 Ndc4 43. b5 Nxb5 0-1


[Site "https://www.chess.com"]

[Event "Titled Tuesday Blitz November 14 Early 2023"]
[White "alfianasybullina"]
[Black "LangesNasenhaar"]
[WhiteElo "2279"]
[BlackElo "2437"]
[Result "1-0"]
[Round "8"]
[TimeControl "180+1"]
[Date "2023.11.14"]
[WhiteClock "0:00:11"]
[BlackClock "0:00:00"]
[Board "140"]

1. d4 d5 2. Nf3 c5 3. c3 cxd4 4. cxd4 Nc6 5. Nc3 a6 6. Bf4 Bf5 7. Qb3 e6 8. Qxb7 Rc8 9. Qxa6 Bb4 10. e3 Nge7 11. a3 Ba5 12. Bb5 O-O 13. Bxc6 Nxc6 14. O-O Bxc3 15. bxc3 Na5 16. Rac1 Nb3 17. Bd6 Ra8 18. Qc6 Nxc1 19. Rxc1 Re8 20. Bb4 f6 21. Qb5 Qc7 22. Nd2 h6 23. h3 Kh7 24. Qe2 e5 25. Qf3 Qd7 26. c4 exd4 27. cxd5 dxe3 28. fxe3 Bg6 29. d6 Rac8 30. Re1 Rc2 31. e4 Qc6 32. Qd3 Rc1 33. Rxc1 Qxc1+ 34. Kh2 Qc6 35. Qd4 Qd7 36. Bc3 Re6 37. Bb4 f5 38. exf5 Bxf5 39. Nf3 Re4 40. Qb6 Qe6 41. Qc7 Qd5 42. Bc3 1-0


[Site "https://www.chess.com"]

[Event "Titled Tuesday Blitz November 14 Early 2023"]
[White "ATM622"]
[Black "VitaliyChayka"]
[WhiteElo "2428"]
[BlackElo "2238"]
[Result "0-1"]
[Round "8"]
[TimeControl "180+1"]
[Date "2023.11.14"]
[WhiteClock "0:00:16"]
[BlackClock "0:01:49"]
[Board "141"]

1. d4 d6 2. c4 e5 3. dxe5 dxe5 4. Qxd8+ Kxd8 5. Nf3 f6 6. Nc3 Be6 7. e4 Nd7 8. Be3 c6 9. O-O-O Kc7 10. Kc2 g6 11. Be2 Bh6 12. Bxh6 Nxh6 13. Rd2 a5 14. Rhd1 Nc5 15. h3 Nf7 16. g4 g5 17. Nh2 Rad8 18. b3 Rxd2+ 19. Rxd2 Nd8 20. Nf1 Bf7 21. Ne3 Nde6 22. Nf5 Bg6 23. a3 Bxf5 24. exf5 Nd4+ 25. Kb2 Ncxb3 26. Rd1 Nc5 27. f3 h5 28. gxh5 Rxh5 29. f4 Nxe2 30. Nxe2 gxf4 31. Rg1 Rxh3 32. Rg7+ Kd6 33. Nc3 Rh2+ 34. Kc1 e4 35. Ne2 Rxe2 0-1


[Site "https://www.chess.com"]

[Event "Titled Tuesday Blitz November 14 Early 2023"]
[White "Cardozo Munar, Carlos Eduardo"]
[Black "Cheer_Down"]
[WhiteFideId "4409477"]
[WhiteElo "2272"]
[BlackElo "2386"]
[Result "0-1"]
[Round "8"]
[TimeControl "180+1"]
[Date "2023.11.14"]
[WhiteClock "0:00:04"]
[BlackClock "0:01:09"]
[Board "142"]

1. d4 d5 2. c3 Nc6 3. Nf3 Bg4 4. Bf4 e6 5. Nbd2 Bd6 6. Bg3 Nf6 7. e3 O-O 8. Bd3 Re8 9. Qe2 e5 10. dxe5 Nxe5 11. Bxe5 Bxe5 12. h3 Bh5 13. g4 Bg6 14. Bxg6 hxg6 15. Nxe5 Rxe5 16. Nf3 Re7 17. O-O-O c6 18. h4 Qa5 19. Kb1 Qa4 20. Rd4 Qa5 21. h5 gxh5 22. gxh5 c5 23. Rf4 d4 24. h6 Nd5 25. Rg4 g6 26. Qc4 Rd8 27. e4 Nb6 28. Rxg6+ Kh8 29. Rxb6 Qxb6 30. cxd4 cxd4 31. e5 d3 32. Rd1 Qxf2 33. Ng5 Qc2+ 34. Qxc2 dxc2+ 35. Kxc2 Rc7+ 0-1


[Site "https://www.chess.com"]